 Dungeon Crawl Stone Soup version 0.28.0-43-g3370ac3207 (webtiles) character file.

Game seed: 3733706574379427150

92 vvl the Stinger (level 4, -1/32 HPs)
             Began as a Demonspawn Venom Mage on Mar 9, 2022.
             Slain by a quokka (4 damage)
             ... on level 2 of the Dungeon.
             The game lasted 00:05:27 (2371 turns).

vvl the Stinger (Demonspawn Venom Mage)             Turns: 2371, Time: 00:05:27

Health: -1/32      AC:  2    Str:  8    XL:     4   Next: 35%
Magic:  6/7        EV: 12    Int: 18    God:
Gold:   65         SH:  0    Dex: 14    Spells: 6/7 levels left

rFire   . . .      SeeInvis .   b - +0 short sword
rCold   . . .      Faith    .   (no shield)
rNeg    . . .      Spirit   .   a - +0 robe
rPois   .          Reflect  .   (no helmet)
rElec   .          Harm     .   (no cloak)
rCorr   .          Rampage  .   (no gloves)
Will    .....                   (no boots)
Stlth   ++........              (no amulet)
HPRegen 0.10/turn               (no ring)
MPRegen 0.10/turn               (no ring)

@: no status effects
A: demonic magic 1
a: no special abilities


You were on level 2 of the Dungeon.
You visited 1 branch of the dungeon, and saw 3 of its levels.

You collected 65 gold pieces.

Inventory:

Hand Weapons
 b - a +0 short sword (weapon)
Armour
 a - a +0 robe (worn)
Scrolls
 c - 3 scrolls of teleportation {unknown}
 f - a scroll of enchant weapon {unknown}
Potions
 d - 2 potions of curing {unknown}
 e - a potion of brilliance {unknown}


   Skills:
 + Level 1.4 Fighting
 - Level 2.0 Dodging
 - Level 2.0 Stealth
 + Level 2.4 Spellcasting
 + Level 1.5 Necromancy
 + Level 1.8 Transmutations
 + Level 3.4 Poison Magic


You had 6 spell levels left.
You knew the following spells:

 Your Spells              Type           Power      Damage    Failure   Level
a - Sting                 Tmut/Pois      44%        1d5       6%          1

Your spell library contained the following spells:

 Spells                   Type           Power      Damage    Failure   Level
 Poisonous Vapours        Pois/Air       16%        N/A       13%         2
 Magic Dart               Conj           8%         1d3       17%         1
 Call Imp                 Summ           2%         N/A       26%         2
 Mephitic Cloud           Conj/Pois/Air  6%         N/A       32%         3
 Olgreb's Toxic Radiance  Pois           14%        N/A       38%         4
 Gell's Gravitas          Tloc           2%         N/A       45%         3
 Teleport Other           Tloc           2%         N/A       45%         3
 Dispersal                Tloc           1%         N/A       100%        6


Dungeon Overview and Level Annotations

Branches:
Dungeon (3/15)

Altars:


Innate Abilities, Weirdness & Mutations

Spells you cast may paralyse adjacent enemies.


Message History

A ball python comes into view.
The orc shouts!
There is a stone staircase leading up here.
You climb upwards.
The gnoll hits you but does no damage. The gnoll completely misses you.
The gnoll misses you.
There is a stone staircase leading down here.
The sting hits the gnoll.
The gnoll is poisoned.
The gnoll is moderately wounded.
Malevolent energies surge around you. The gnoll misses you.
The gnoll hits you with a +0 club! The gnoll hits you with a +0 club.
The gnoll looks more healthy.
A quokka comes into view.
You are too injured to fight recklessly!
Casting: Sting (safe; 6% risk of failure)
Confirm with . or Enter, or press ? or * to list all spells.
Aiming: Sting (safe; 6% risk of failure)
Press: ? - help, Shift-Dir - straight line, f/p - gnoll
Aim: a gnoll, wielding a +0 club (moderately wounded, 75% to hit)
The sting hits the gnoll.
The gnoll is poisoned.
The gnoll is heavily wounded.
Malevolent energies surge around you. The gnoll hits you with a +0 club.
Casting: Sting (safe; 6% risk of failure)
Confirm with . or Enter, or press ? or * to list all spells.
Aiming: Sting (safe; 6% risk of failure)
Press: ? - help, Shift-Dir - straight line, f/p - gnoll
Aim: a gnoll, wielding a +0 club (severely wounded, poisoned, 75% to hit)
The sting hits the gnoll.
The gnoll looks even sicker.
The gnoll is almost dead.
Malevolent energies surge around you.
The gnoll suddenly stops moving!
You kill the gnoll!
The gnoll hits you from afar with a +0 spear.
* * * LOW HITPOINT WARNING * * *
The quokka twitches its whiskers.
The quokka twitches its whiskers.
There is an open door here.
The quokka bites you.
* * * LOW HITPOINT WARNING * * *
The quokka bites you.
You die...

...#......)..# #....#####..#####.
...#.........###................
...#..........##......###.....##
...#...........)...............#
...#..............###....(....##+
#'######..........#######........
#.# +..........g..............
'.# #.........r######.#.......
### #........@.# #.#)#..... #
#######'#)#######......>.. #
#.#..........)..#...
#.#.............#...
+#######.#.............#...
.......#.#.............#...
.......#.#.............#...
.......#.#.............#..<
.......#...............####


You could see a gnoll and a quokka.

Vanquished Creatures
  3 gnolls (D:2)
  2 adders (D:2)
  A dart slug (D:1)
  2 ball pythons (D:1)
  3 bats (D:1)
  8 endoplasms
  3 giant cockroaches (D:1)
  3 goblins
  5 hobgoblins
  3 kobolds
  2 quokkas (D:1)
  2 frilled lizards (D:1)
  4 rats
41 creatures vanquished.

Notes
Turn   | Place    | Note
-------+----------+-------------------------------------------
     0 | D:1      | vvl the Demonspawn Venom Mage began the quest for the Orb.
     0 | D:1      | Reached XP level 1. HP: 13/13 MP: 3/3
   188 | D:1      | Reached skill level 1 in Transmutations
   636 | D:1      | Gained mutation: Spells you cast may paralyse adjacent
                  | enemies. [demonic ancestry]
   636 | D:1      | Reached XP level 2. HP: 20/20 MP: 3/5
  1478 | D:1      | Reached XP level 3. HP: 25/25 MP: 3/6
  1661 | D:1      | Found a faded altar of an unknown god.
  1839 | D:2      | Reached skill level 1 in Necromancy
  1909 | D:2      | Reached skill level 1 in Fighting
  2133 | D:2      | Reached XP level 4. HP: 22/32 MP: 5/7
  2371 | D:2      | Slain by a quokka

Illustrated notes

Levels and vault maps discovered:
D:1:      wander_arrival_chamber, layout_basic,
          hellmonk_ecumenical_altar_zigzags, minmay_misc_feat_roman,
          chequers_decorated_corner, hex_intersection
D:2:      layout_basic, uniq_robin
D:3:      layout_basic, minmay_misc_feat_nine_boxes, minmay_hedge_maze,
          nrook_uturn

Skill      XL: |  1  2  3 |
---------------+----------+-----
Transmutations | 1 |  1.8
Stealth        | 2 |  2.0
Dodging        | 2 |  2.0
Necromancy     | 1 |  1.5
Fighting       | 1 |  1.4
Spellcasting   | |  2.4
Poison Magic   | |  3.4

Action                   |  1- 3 |  4- 6 || total
-------------------------+-------+-------++-------
Melee: Unarmed           |    13 |       ||    13
       Short sword       |    27 |     1 ||    28
 Cast: Sting             |    62 |     7 ||    69
 Stab: Paralysed         |    10 |       ||    10
Armor: Robe              |     6 |     1 ||     7
Dodge: Dodged            |    37 |     8 ||    45
